 Dungeon Crawl Stone Soup version 0.28-a0-1594-ga885d4b3d6 (webtiles) character file.

Game seed: 8511575881568796166

518 ragingrage the Charlatan (level 7, 0/44 HPs)
             Began as a Gargoyle Artificer on Jan 20, 2022.
             Slain by a killer bee (2 damage)
             ... on level 5 of the Dungeon.
             The game lasted 00:04:58 (4691 turns).

ragingrage the Charlatan (Gargoyle Artificer)       Turns: 4691, Time: 00:04:58

Health: 0/44       AC: 13    Str: 15    XL:     7   Next: 21%
Magic:  7/7        EV:  6    Int: 12    God:
Gold:   132        SH:  0    Dex: 12    Spells: 6/6 levels left

rFire   . . .      SeeInvis .   h - +2 short sword (elec)
rCold   . . .      Faith    .   (no shield)
rNeg    + . .      Spirit   .   n - +0 chain mail
rPois   ∞          Reflect  .   (no helmet)
rElec   +          Harm     .   (no cloak)
rCorr   .          Rampage  .   (no gloves)
Will    .....                   (no boots)
Stlth   ..........              (no amulet)
HPRegen 0.14/turn               (no ring)
MPRegen 0.10/turn               (no ring)

@: no status effects
A: sickness immunity, AC +4, negative energy resistance 1, electricity
resistance, torment resistance 1, petrification resistance
a: no special abilities


You were on level 5 of the Dungeon.
You visited 1 branch of the dungeon, and saw 5 of its levels.

You collected 132 gold pieces.

Inventory:

Hand Weapons
 h - a +2 short sword of electrocution (weapon)
 i - a +0 hand axe
Missiles
 l - 6 poisoned darts (quivered)
Armour
 n - a +0 chain mail (worn)
Jewellery
 u - an amulet of guardian spirit
Wands
 c - a wand of flame (7)
 d - a wand of charming (7)
Scrolls
 b - 2 scrolls of blinking {unknown}
 g - 2 scrolls of teleportation
 j - 2 scrolls of vulnerability {unknown}
 m - a scroll of amnesia
 p - a scroll of holy word {unknown}
 q - 2 scrolls of torment {unknown}
 r - 3 scrolls of identify
 x - a scroll of brand weapon {unknown}
Potions
 f - a potion of degeneration
 o - a potion of magic
 t - a potion of invisibility {unknown}
 v - a potion of cancellation {unknown}
 w - a potion of haste {unknown}
Miscellaneous
 e - a piece from Xom's chessboard (15/15)


   Skills:
 + Level 4.6 Fighting
 + Level 3.3 Axes
 - Level 2.4 Armour
 - Level 1.0 Dodging
 - Level 1.5 Stealth
 + Level 4.6 Evocations


You had 6 spell levels left.
You didn't know any spells.
Your spell library contained the following spells:

 Spells                   Type           Power      Damage    Failure   Level
 Portal Projectile        Hex/Tloc       0%         N/A       100%        3
 Summon Guardian Golem    Hex/Summ       0%         N/A       100%        3
 Blade Hands              Tmut           0%         N/A       100%        5
 Excruciating Wounds      Necr           0%         N/A       100%        5
 Orb of Destruction       Conj           0%         9d5       100%        7
 Spellforged Servitor     Conj/Summ      0%         N/A       100%        7


Dungeon Overview and Level Annotations

Branches:
Dungeon (5/15)
 Temple: D:4-7

Altars:
Dithmenos
Uskayaw

Shops:
D:4 *


Innate Abilities, Weirdness & Mutations

You are immune to sickness and miasma.
Your stone body is resilient. (AC +4)
You are immune to poison.
You resist negative energy. (rN+)
You are resistant to electric shocks. (rElec)
You are resistant to unholy torment.
You are immune to petrification.


Message History

* * * LOW HITPOINT WARNING * * *
The killer bee stings you but does no damage. x2
Unknown command.
Throw: 11 darts (poison)
Press: ? - help, Q - select action, (/) - cycle Shift-Dir - straight line, f - killer bee
Aim: a killer bee (moderately wounded, 29% to hit)
You throw a poisoned dart. The poisoned dart hits the killer bee.
The killer bee is poisoned.
The killer bee is moderately wounded.
The killer bee stings you but does no damage. x2
Throw: 10 darts (poison)
Press: ? - help, Q - select action, (/) - cycle Shift-Dir - straight line, f/p - killer bee
Aim: a killer bee (moderately wounded, poisoned, 29% to hit)
You throw a poisoned dart.
The poisoned dart barely misses the killer bee.
The killer bee stings you.
* * * LOW HITPOINT WARNING * * *
The killer bee stings you but does no damage.
Throw: 9 darts (poison)
Press: ? - help, Q - select action, (/) - cycle Shift-Dir - straight line, f/p - killer bee
Aim: a killer bee (moderately wounded, poisoned, 29% to hit)
You throw a poisoned dart.
The poisoned dart closely misses the killer bee.
The killer bee stings you but does no damage. x2
Throw: 8 darts (poison)
Press: ? - help, Q - select action, (/) - cycle Shift-Dir - straight line, f/p - killer bee
Aim: a killer bee (moderately wounded, poisoned, 29% to hit)
You throw a poisoned dart.
The poisoned dart closely misses the killer bee.
The killer bee stings you.
* * * LOW HITPOINT WARNING * * *
The killer bee stings you but does no damage.
Throw: 7 darts (poison)
Press: ? - help, Q - select action, (/) - cycle Shift-Dir - straight line, f/p - killer bee
Aim: a killer bee (moderately wounded, poisoned, 29% to hit)
You throw a poisoned dart.
The poisoned dart misses the killer bee.
The killer bee stings you but does no damage.
The killer bee stings you.
You die...

#.# #.#...####+####
#.# #.#............
#.# ##.#...........#
#.# #.........##†...
#.# #..............#
#.# #.....[...##.#.#
#.# ####...#####.#.#
#.##### #...# #.#.#
#.<.@y###...#####.#.#
#####.............#.#
######.######## #.#
#.. ..## ..# ..# .#


You could see a killer bee (poisoned).

Vanquished Creatures
  A necrophage (D:2)
  2 killer bees (D:5)
  2 hounds
  An orc priest (D:5)
  A bullfrog skeleton (D:5)
  A scorpion zombie (D:5)
  2 hound skeletons
  A howler monkey zombie (D:5)
  4 adders
  An ufetubus (D:2)
  An adder skeleton (D:4)
  A worm (D:3)
  2 dart slugs
  4 orcs
  7 ball pythons
  3 bats
  7 endoplasms
  2 giant cockroaches
  8 goblins
  7 hobgoblins
  6 quokkas
  3 frilled lizards (D:1)
  11 kobolds
  4 rats
82 creatures vanquished.

Vanquished Creatures (collateral kills)
  An orc wizard (D:5)
  2 orcs (D:5)
  A ball python (D:2)
  An endoplasm (D:2)
  A kobold (D:2)
6 creatures vanquished.

Vanquished Creatures (others)
  2 killer bees (D:5)
  An orc priest (D:5)
  A bat (D:2)
4 creatures vanquished.

Grand Total: 92 creatures vanquished

Notes
Turn   | Place    | Note
-------+----------+-------------------------------------------
     0 | D:1      | ragingrage the Gargoyle Artificer began the quest for the
                  | Orb.
     0 | D:1      | Reached XP level 1. HP: 12/12 MP: 1/1
   531 | D:1      | Reached skill level 1 in Dodging
   531 | D:1      | Reached XP level 2. HP: 16/16 MP: 2/2
   860 | D:1      | Found a faded altar of an unknown god.
   978 | D:1      | Reached XP level 3. HP: 21/21 MP: 3/3
  1608 | D:2      | Noticed a necrophage
  1645 | D:2      | HP: 1/21 [necrophage (1)]
  1972 | D:2      | Reached skill level 1 in Axes
  2008 | D:2      | Reached XP level 4. HP: 24/27 MP: 4/4
  2132 | D:2      | Killed a necrophage
  2133 | D:2      | Reached XP level 5. HP: 32/32 MP: 5/5
  2571 | D:3      | Found a shadowy altar of Dithmenos.
  3292 | D:3      | Found a hide-covered altar of Uskayaw.
  3511 | D:4      | Found Bifaebreof's Gadget Gallery.
  3850 | D:4      | Reached XP level 6. HP: 37/38 MP: 6/6
  4141 | D:5      | Entered Level 5 of the Dungeon
  4267 | D:5      | Noticed a black bear
  4632 | D:5      | Reached XP level 7. HP: 22/44 MP: 7/7
  4690 | D:5      | HP: 2/44 [killer bee (5)]
  4691 | D:5      | Slain by a killer bee

Illustrated notes

Levels and vault maps discovered:
D:1:      tarquinn_simple_flora_water_b, layout_basic,
          ebering_ecumenical_altar_rust
D:2:      layout_basic, kennysheep_cluttered_room
D:3:      layout_basic, nicolae_uskayaw_suspiria, grunt_dithmenos_smoke,
          serial_co_window_serial, co_window_corner_a, co_window_corner_a,
          co_window_paths_b, co_window_paths_a, co_window_paths_a,
          co_window_paths_a, co_window_paths_a, co_window_paths_c,
          co_window_broadway_b, co_window_unsneaky_path_b, co_window_4corner_b,
          co_window_paths_e, glass_columns_b, glass_columns_a, glass_columns_b
D:4:      layout_loops_ring, nicolae_shop_gadgets
D:5:      layout_loops_ring, grunt_ministairs_11, grunt_tough_drop,
          uniq_prince_ribbit1

Skill      XL: |  1  2  3  4  5  6 |
---------------+-------------------+-----
Dodging        | 1 |  1.0
Evocations     | 3 4 |  4.6
Fighting       | 2 3 4 |  4.6
Axes           | 1 2 3 |  3.3
Armour         | |  2.4
Stealth        | |  1.5

Action                   |  1- 3 |  4- 6 |  7- 9 || total
-------------------------+-------+-------+-------++-------
Melee: Short sword       |    87 |   149 |    11 ||   247
       Club              |     5 |       |       ||     5
       Punch             |     1 |     2 |       ||     3
Throw: Dart              |       |       |     5 ||     5
Evoke: Wand              |     6 |     8 |     2 ||    16
  Use: Scroll            |       |     3 |       ||     3
       Potion            |       |     4 |       ||     4
 Stab: Sleeping          |     3 |     3 |       ||     6
Armor: Leather armour    |    42 |    21 |       ||    63
       Chain mail        |       |    80 |    22 ||   102
Dodge: Dodged            |    71 |    71 |     4 ||   146

Table legend: (Time is in decaauts)
 A = Elapsed time spent in this place.
 B = Non-inter-level travel time spent in this place.
 C = Inter-level travel time spent in this place.
 D = Time resting spent in this place.
 E = Time spent auto-exploring this place.
 F = Levels seen in this place.
 G = Mean time per level.
                   A        B        C        D        E       F      G
               +--------+--------+--------+--------+--------+-----+--------+
         Total |   4720 |   4510 |    210 |    960 |   2754 |   5 |  944.0 |
       Dungeon |   4720 |   4510 |    210 |    960 |   2754 |   5 |  944.0 |
               +--------+--------+--------+--------+--------+-----+--------+

Top non-repeatable levels by time:
     D:1: 1721 daAuts
     D:3: 1102 daAuts
     D:4: 833 daAuts
     D:2: 693 daAuts
     D:5: 369 daAuts
